 Dungeon Crawl Stone Soup version 0.20.1-1-g8b1a95d (webtiles) character file.

96 wamma the Covered (level 4, -3/42 HPs)
             Began as a Deep Dwarf Fighter on Dec 4, 2017.
             Was an Initiate of Trog.
             Slain by an ogre
             ... wielding a +0 giant club
              (13 damage)
             ... on level 3 of the Dungeon.
             The game lasted 00:24:06 (2614 turns).

wamma the Covered (Deep Dwarf Fighter)              Turns: 2614, Time: 00:24:07

Health: -3/42      AC:  8    Str: 21    XL:     4   Next: 41%
Magic:  3/3        EV:  7    Int:  8    God:    Trog [......]
Gold:   98         SH:  9    Dex: 12    Spells: 3/3 levels left

rFire    . . .     SeeInvis .   e - +0 dagger
rCold    . . .     Gourm    .   c - +0 shield
rNeg     . . .     Faith    .   b - +1 scale mail
rPois    .         Spirit   .   (no helmet)
rElec    .         Reflect  .   (no cloak)
rCorr    .         Harm     .   (no gloves)
MR       ++...                  (no boots)
Stlth    ..........             (no amulet)
Regen    0.0/turn               j - ring of protection from magic
MPRegen  0.1/turn               h - ring of protection from magic

@: non-regenerating
A: damage resistance, heal wounds, sense surroundings 1, no regeneration
a: Heal Wounds, Burn Spellbooks, Renounce Religion


You were on level 3 of the Dungeon.
You worshipped Trog.
Trog was noncommittal.
You were not hungry.

You visited 1 branch of the dungeon, and saw 3 of its levels.

You collected 98 gold pieces.

Inventory:

Hand Weapons
 a - a +0 long sword
 e - a +0 dagger (weapon)
 k - a +0 club
 o - a +0 hunting sling
 q - a +0 hunting sling
 w - a +1 dagger of venom
Missiles
 p - 78 arrows
 r - 64 stones (quivered)
Armour
 b - a +1 scale mail (worn)
 c - a +0 shield (worn)
 i - a +0 ring mail
 t - a +0 robe
Jewellery
 h - a ring of protection from magic (right hand)
 j - a ring of protection from magic (left hand)
Scrolls
 l - a scroll of magic mapping
 m - a scroll of immolation
 s - 4 scrolls of amnesia
 v - a scroll of fear
 x - a scroll of identify
 y - a scroll of teleportation {unknown}
 z - 3 scrolls of enchant armour
Potions
 d - a potion of might
 n - 2 potions of agility
 A - a potion of mutation {unknown}
Comestibles
 f - 2 bread rations
 g - 3 meat rations
 u - 3 fruits


   Skills:
 + Level 3.0 Fighting
 + Level 1.0(1.7) Short Blades
 + Level 2.4(2.5) Long Blades
 + Level 4.1 Armour
 + Level 0.4 Dodging
 + Level 4.1 Shields


You had 3 spell levels left.
You didn't know any spells.

Dungeon Overview and Level Annotations

Branches:
Dungeon (3/15)

Altars:
Trog

Annotations:
D:3 2 transporters


Innate Abilities, Weirdness & Mutations

You are resistant to damage.
You can heal yourself by infusing magical energy.
You passively map a small area around you.
You do not regenerate.


Message History

The ogre is moderately wounded.
You hit the ogre.
The ogre is heavily wounded.
The ogre hits you with a giant club.
You hit the ogre but do no damage.
The ogre is heavily wounded.
The ogre barely misses you.
You hit the ogre.
The ogre is heavily wounded.
The ogre hits you with a giant club!
* * * LOW HITPOINT WARNING * * *
You hit the ogre.
The ogre is heavily wounded.
You hit the ogre.
The ogre is severely wounded.
The ogre barely misses you.
You hit the ogre but do no damage.
The ogre is severely wounded.
The ogre hits you with a giant club!
You die...

+.........+, ...
#.........#* #..,
* ##.......## * ..
##.....## * #.* *
* ##...## #.## *
##'## # #..# # #.#
#.##.##.# #.#
#...O...# ##.##
####@#### ##...##
#.# #.....# #.#
##...#########.#
#####.##.........#
....>....#########
##########


You could see an ogre.

Vanquished Creatures
  3 adders (D:2)
  2 worms (D:2)
  2 dart slugs
  2 leopard geckos (D:2)
  3 giant cockroaches
  11 hobgoblins
  A jackal (D:2)
  A ball python (D:1)
  7 bats
  A frilled lizard (D:1)
  7 goblins
  10 kobolds
  7 rats
57 creatures vanquished.

Notes
Turn   | Place    | Note
-------+----------+-------------------------------------------
     0 | D:1      | wamma the Deep Dwarf Fighter began the quest for the Orb.
     0 | D:1      | Reached XP level 1. HP: 20/20 MP: 1/1
    92 | D:1      | Reached XP level 2. HP: 25/27 MP: 2/2
   810 | D:1      | Reached XP level 3. HP: 27/33 MP: 3/3
  1488 | D:2      | Found a bloodstained altar of Trog.
  1499 | D:2      | Became a worshipper of Trog the Wrathful
  1623 | D:2      | Reached XP level 4. HP: 37/42 MP: 3/3
  2096 | D:2      | Reached skill level 1 in Short Blades
  2454 | D:3      | Found a transporter.
  2478 | D:3      | Found a transporter.
  2597 | D:3      | Noticed an ogre
  2614 | D:3      | Slain by an ogre

Skill      XL: |  1  2  3  4 |
---------------+-------------+-----
Shields        | 4 |  4.1
Armour         | 4 |  4.1
Fighting       | 3 |  3.0
Short Blades   | 1 |  1.0
Long Blades    | |  2.4
Dodging        | |  0.4

Action                   |  1- 3 |  4- 6 || total
-------------------------+-------+-------++-------
Melee: Long sword        |    70 |       ||    70
       Dagger            |   131 |   122 ||   253
 Abil: Heal Wounds       |     2 |     1 ||     3
  Use: Scroll            |     5 |     2 ||     7
       Potion            |     2 |       ||     2
  Eat: Bread ration      |     1 |       ||     1
       Royal jelly       |       |     1 ||     1
       Fruit             |       |     1 ||     1
Armor: Scale mail        |    89 |    32 ||   121
Dodge: Dodged            |    68 |    21 ||    89
Block: Shield            |   129 |    60 ||   189
       Rpst.: Long sword |    10 |       ||    10
